 Dungeon Crawl Stone Soup version 0.25-a0-420-g1cc7eeb0d1 (webtiles) character file.

Game seed: 9190772772786186051, levelgen mode: deterministic

2110 vurker the Quickloader (level 9, -4/56 HPs)
             Began as a Kobold Hunter on Jan 18, 2020.
             Was a Believer of Okawaru.
             Slain by an ogre
             ... wielding a +0 giant club
              (9 damage)
             ... on level 8 of the Dungeon.
             The game lasted 00:15:44 (9655 turns).

vurker the Quickloader (Kobold Hunter)              Turns: 9655, Time: 00:15:45

Health: -4/56      AC: 16    Str: 12    XL:     9   Next: 53%
Magic:  10/11      EV:  8    Int: 13    God:    Okawaru [**....]
Gold:   306        SH:  3    Dex: 15    Spells: 8/8 levels left

rFire    + . .     SeeInvis +   b - +0 dagger
rCold    . . .     Gourm    .   (shield restricted)
rNeg     . . .     Faith    .   y - +0 plate armour
rPois    +         Spirit   .   (no helmet)
rElec    .         Reflect  +   B - scarf {repulsion}
rCorr    .         Harm     .   (no gloves)
MR       .....                  q - +2 pair of boots
Stlth    ..........             k - +3 amulet of reflection
HPRegen  0.18/turn              s - ring of protection from fire
MPRegen  0.12/turn              c - ring of see invisible

@: heroism, repel missiles
A: small, carnivore, low mp 1, poison resistance
a: Heroism, Renounce Religion


You were on level 8 of the Dungeon.
You worshipped Okawaru.
Okawaru was pleased with you.
You were very full.

You visited 1 branch of the dungeon, and saw 8 of its levels.

You collected 306 gold pieces.

Inventory:

Hand Weapons
 a - a +1 hand crossbow
 b - a +0 dagger (weapon)
   (You found it on level 1 of the Dungeon)
Missiles
 w - 32 bolts
Armour
 q - a +2 pair of boots (worn)
   (You found it on level 3 of the Dungeon)
 y - a +0 plate armour (worn)
   (You found it on level 5 of the Dungeon)
 B - a scarf of repulsion (worn)
   (You found it on level 7 of the Dungeon)
Jewellery
 c - a ring of see invisible (right hand)
   (You found it on level 4 of the Dungeon)
 k - a +3 amulet of reflection (around neck)
   (You found it on level 4 of the Dungeon)
 s - a ring of protection from fire (left hand)
   (You found it on level 3 of the Dungeon)
Wands
 x - a wand of acid (2)
   (You found it on level 6 of the Dungeon)
Scrolls
 f - 7 scrolls of remove curse
 g - a scroll of immolation {unknown}
 i - 2 scrolls of fog {unknown}
 l - 2 scrolls of blinking {unknown}
 m - 2 scrolls of teleportation
 n - a scroll of enchant weapon {unknown}
 t - a scroll of enchant armour {unknown}
 u - a scroll of amnesia {unknown}
 v - a scroll of identify
Potions
 d - 3 potions of curing {unknown}
 h - a potion of flight
 j - a potion of heal wounds
 o - a potion of cancellation
 r - a potion of haste
 z - a potion of ambrosia
 A - a potion of might {unknown}
Comestibles
 e - 12 rations


   Skills:
 + Level 6.9(11.9) Fighting
 - Level 5.0(10.0) Short Blades
 * Level 9.9(14.9) Crossbows
 + Level 1.5(6.5) Armour
 + Level 3.4(8.4) Dodging
 + Level 3.2(8.2) Stealth
 + Level 5.1 Invocations


You had 8 spell levels left.
You didn't know any spells.
Your spell library was empty.

Dungeon Overview and Level Annotations

Branches:
Dungeon (8/15)             Temple (0/1) D:7
   Lair: D:8-11

Altars:
Fedhas
Gozag
Kikubaaqudgha
Okawaru
Zin

Shops:
D:5 }


Innate Abilities, Weirdness & Mutations

You are small and have problems with some larger weapons.
You are carnivorous and can eat meat at any time.
Your magical capacity is low. (-10% MP)
Your system is resistant to poisons. (rPois)


Message History

You hit the wyvern zombie.
The wyvern zombie bites you but does no damage.
You hit the wyvern zombie but do no damage.
The wyvern zombie bites you but does no damage.
You hit the wyvern zombie.
Your plate armour prevents you from hitting the wyvern zombie.
The wyvern zombie bites you but does no damage.
Your plate armour prevents you from hitting the wyvern zombie.
The wyvern zombie bites you but does no damage.
You hit the wyvern zombie.
You destroy the wyvern zombie!
Okawaru accepts your kill.
You feel like a meek peon again.
An ogre comes into view. It is wielding a +0 giant club.
The ogre shouts!
The ogre hits you with a +0 giant club!
You hit the ogre. You hit the ogre. The ogre hits you with a +0 giant club!
* * * LOW HITPOINT WARNING * * *
You gain the combat prowess of a mighty hero.
The ogre hits you with a +0 giant club.
* * * LOW HITPOINT WARNING * * *
You barely miss the ogre. You hit the ogre but do no damage.
The ogre hits you with a +0 giant club.
* * * LOW HITPOINT WARNING * * *
You hit the ogre. You hit the ogre. You hit the ogre.
The ogre hits you with a +0 giant club.
* * * LOW HITPOINT WARNING * * *
You hit the ogre but do no damage. You hit the ogre but do no damage.
You hit the ogre. The ogre barely misses you.
You hit the ogre.
Your plate armour prevents you from hitting the ogre.
You block the ogre's attack.
You closely miss the ogre. You hit the ogre but do no damage. You hit the ogre.
The ogre closely misses you.
You hit the ogre. You hit the ogre but do no damage.
The ogre hits you but does no damage.
You hit the ogre. You hit the ogre. You barely miss the ogre.
The ogre barely misses you.
You hit the ogre.
Your plate armour prevents you from hitting the ogre.
You hit the ogre but do no damage. The ogre hits you with a +0 giant club!
* * * LOW HITPOINT WARNING * * *
You hit the ogre. You hit the ogre but do no damage.
The ogre hits you with a +0 giant club!
You die...

########## #......... ###
#.######## ##.##
#.#########
##.#.###..........
.#######.###.##..#######.
........## ##.#O.##
.........###...@..#
#########.#.###..>######.##
##.####............
#.........<####.#
######..#### #..# ##.# #..
#.#


You could see an ogre.

Vanquished Creatures
  Grinder (D:6)
  Menkaure (D:6)
  A sky beast (D:7)
  An ice beast (D:7)
  A phantom (D:5)
  A centaur (D:6)
  3 bullfrogs (D:7)
  A wyvern zombie (D:8)
  A wyvern skeleton (D:7)
  2 scorpions
  A bullfrog zombie (D:6)
  6 howler monkeys
  A centaur zombie (D:6)
  A hound (D:4)
  A centaur skeleton (D:5)
  A bullfrog skeleton (D:3)
  2 orc priests (D:7)
  5 orc wizards
  6 worker ants
  A worker ant zombie (D:7)
  9 gnolls
  7 adders
  3 shadow imps
  2 oozes
  An adder zombie (D:5)
  An adder skeleton (D:4)
  A worm (D:2)
  2 dart slugs (D:1)
  7 leopard geckos
  18 orcs
  2 ball pythons (D:2)
  4 giant cockroaches
  7 goblins
  8 hobgoblins
  2 jackals (D:6)
  2 kobolds (D:1)
  3 quokkas
  9 bats
  A frilled lizard (D:1)
  2 quokka skeletons (D:6)
  8 rats
137 creatures vanquished.

Vanquished Creatures (others)
  A gnoll (D:4)
1 creature vanquished.

Grand Total: 138 creatures vanquished

Notes
Turn   | Place    | Note
-------+----------+-------------------------------------------
     0 | D:1      | vurker the Kobold Hunter began the quest for the Orb.
     0 | D:1      | Reached XP level 1. HP: 12/12 MP: 1/1
    40 | D:1      | Reached skill level 1 in Short Blades
    75 | D:1      | Reached skill level 5 in Crossbows
    75 | D:1      | Reached XP level 2. HP: 18/18 MP: 2/2
   131 | D:1      | Reached XP level 3. HP: 11/22 MP: 3/3
  1284 | D:2      | Reached XP level 4. HP: 26/27 MP: 4/4
  1815 | D:2      | Reached XP level 5. HP: 26/32 MP: 5/5
  2221 | D:2      | Found a faded altar of an unknown god.
  3250 | D:4      | Found an opulent altar of Gozag.
  3252 | D:4      | Found an ancient bone altar of Kikubaaqudgha.
  3440 | D:4      | Reached skill level 5 in Short Blades
  3440 | D:4      | Reached XP level 6. HP: 27/37 MP: 6/6
  3563 | D:4      | Reached skill level 6 in Crossbows
  4011 | D:4      | Found an iron altar of Okawaru.
  4025 | D:4      | Became a worshipper of Warmaster Okawaru
  4337 | D:5      | Entered Level 5 of the Dungeon
  4388 | D:5      | Noticed a phantom
  4557 | D:5      | Killed a phantom
  4557 | D:5      | Reached skill level 1 in Invocations
  4557 | D:5      | Reached XP level 7. HP: 36/44 MP: 6/8
  4851 | D:5      | Reached * piety under Okawaru
  4891 | D:5      | Reached skill level 5 in Fighting
  4891 | D:5      | Reached skill level 7 in Crossbows
  5368 | D:5      | Found Inedghe's Gadget Boutique.
  6023 | D:6      | Noticed Menkaure
  6255 | D:6      | Reached XP level 8. HP: 49/50 MP: 10/10
  6749 | D:6      | Gained mutation: Your magical capacity is low. (-10% MP)
                  | [potion of mutation]
  6749 | D:6      | Gained mutation: Your system is resistant to poisons.
                  | (rPois) [potion of mutation]
  6760 | D:6      | Reached skill level 8 in Crossbows
  6798 | D:6      | Killed Menkaure
  7051 | D:6      | Noticed Grinder
  7055 | D:6      | Killed Grinder
  7055 | D:6      | Reached skill level 9 in Crossbows
  7305 | D:6      | Found a blossoming altar of Fedhas.
  7419 | D:7      | Reached XP level 9. HP: 56/56 MP: 11/11
  8094 | D:7      | Reached ** piety under Okawaru
  8094 | D:7      | Reached skill level 1 in Armour
  8260 | D:7      | Found a staircase to the Ecumenical Temple.
  8705 | D:7      | Found a glowing silver altar of Zin.
  8845 | D:7      | Reached skill level 5 in Invocations
  9286 | D:8      | Noticed a two-headed ogre
  9655 | D:8      | Slain by an ogre

Levels and vault maps discovered:
D:1:      minmay_arrival_stone_box, layout_basic, serial_bayou_pond_e
D:2:      layout_loops_cross, chequers_ecumenical_altar_simple_redux,
          minmay_pentomino_p2
D:3:      layout_rooms, first_ration, serial_park_tiny_1
D:4:      layout_cave_pods, okawaru_gym_becter, minitemple, grunt_decor_cap
D:5:      layout_cave_pools, serial_shops, nicolae_shop_window_shopping
D:6:      layout_rooms, marbit_many_paths, st_stairs_5, uniq_grinder,
          uniq_menkaure
D:7:      layout_layer_cave, zin_statuary, temple_hall,
          hangedman_minor_gate_pass
D:8:      layout_loops_ring, dpeg_lair_monsters

Skill      XL: |  1  2  3  4  5  6  7  8  9 |
---------------+----------------------------+-----
Short Blades   | 1 2 3 5 |  5.0
Crossbows      | 5 6 7 9 |  9.9
Fighting       | 3 4 5 6 |  6.9
Invocations    | 1 3 4 5 |  5.1
Stealth        | 3 |  3.2
Armour         | 1 |  1.5
Dodging        | 3 |  3.4

Action                   |  1- 3 |  4- 6 |  7- 9 || total
-------------------------+-------+-------+-------++-------
Melee: Short sword       |    90 |       |       ||    90
       Dagger            |       |   210 |   612 ||   822
       Punch             |       |       |     2 ||     2
 Fire: Hand crossbow     |    23 |    77 |   170 ||   270
Invok: Heroism           |       |       |     6 ||     6
  Use: Scroll            |       |     5 |     5 ||    10
       Potion            |       |       |     2 ||     2
 Stab: Distracted        |     1 |       |       ||     1
       Sleeping          |     1 |       |       ||     1
  Eat: Chunk             |    10 |     9 |    16 ||    35
Armor: Leather armour    |    16 |       |       ||    16
       Ring mail         |     6 |    50 |       ||    56
       Scale mail        |       |     9 |    43 ||    52
       Plate armour      |       |       |   374 ||   374
Dodge: Dodged            |    69 |   122 |   180 ||   371
Block: Other             |       |     9 |    92 ||   101
       Reflection        |       |     1 |       ||     1

Table legend:
 A = Non-vault XP
 B = Vault XP
 C = Vault XP percentage of total XP
 D = Non-vault monster count
 E = Vault monster count
 F = Vault count percentage of total count
                 A         B        C        D         E       F
            +---------+---------+-------+---------+---------+-------
      Total |    2224 |     791 |  26.2 |     128 |      10 |   7.2
            +---------+---------+-------+---------+---------+-------
        D:1 |      78 |       0 |   0.0 |      29 |       0 |   0.0
        D:2 |      79 |       7 |   8.1 |      17 |       1 |   5.6
        D:3 |      76 |       0 |   0.0 |      14 |       0 |   0.0
        D:4 |     206 |       0 |   0.0 |      13 |       0 |   0.0
        D:5 |     509 |       0 |   0.0 |      22 |       0 |   0.0
        D:6 |     345 |     525 |  60.3 |      12 |       4 |  25.0
        D:7 |     846 |     259 |  23.4 |      20 |       5 |  20.0
        D:8 |      85 |       0 |   0.0 |       1 |       0 |   0.0
            +---------+---------+-------+---------+---------+-------
